 Dungeon Crawl Stone Soup version 0.29-a0-559-g359e09b9d1 (webtiles) character file.

Game seed: 16618068029543167826

9 Hubjo the Insei (level 2, 0/21 HPs)
             Began as a Demonspawn Transmuter on June 10, 2022.
             Was a Follower of Qazlal.
             Killed from afar by a dart slug (4 damage)
             ... with a slug dart
             ... on level 1 of the Dungeon.
             The game lasted 00:00:15 (357 turns).

Hubjo the Insei (Demonspawn Transmuter)              Turns: 357, Time: 00:00:17

Health: 0/21       AC:  2    Str: 10    XL:     2   Next: 3%
Magic:  5/5        EV: 12    Int: 14    God:    Qazlal [*.....]
Gold:   13         SH:  1    Dex: 13    Spells: 4/5 levels left

rFire   . . .      SeeInvis .     - Unarmed
rCold   . . .      Faith    .   (no shield)
rNeg    . . .      Spirit   .   a - +0 robe
rPois   .          Reflect  .   (helmet restricted)
rElec   .          Harm     .   (no cloak)
rCorr   .          Rampage  .   (no gloves)
Will    .....                   (no boots)
Stlth   +.........              (no amulet)
HPRegen 0.07/turn               (no ring)
MPRegen 0.09/turn               (no ring)

@: no status effects
A: antennae 1
a: Renounce Religion


You were on level 1 of the Dungeon.
You worshipped Qazlal.
Qazlal was aware of your devotion.
You visited 1 branch of the dungeon, and saw 1 of its levels.

You collected 13 gold pieces.

Inventory:

Armour
 a - a +0 robe (worn)
Scrolls
 c - a scroll of torment {unknown}
 d - a scroll of vulnerability {unknown}
 f - a scroll of enchant weapon {unknown}
Potions
 b - 2 potions of lignification
 e - a potion of attraction {unknown}


   Skills:
 * Level 1.4 Fighting
 - Level 1.7 Dodging
 + Level 0.4 Stealth
 + Level 2.7 Unarmed Combat
 + Level 2.1 Spellcasting
 + Level 1.9 Transmutations


You had 4 spell levels left.
You knew the following spells:

 Your Spells              Type           Power      Damage    Failure   Level
a - Beastly Appendage     Tmut           12%        N/A       11%         1

Your spell library contained the following spells:

 Spells                   Type           Power      Damage    Failure   Level
 Wereblood                Tmut           6%         N/A       16%         2
 Spider Form              Tmut/Pois      4%         N/A       43%         3
 Ice Form                 Ice/Tmut       4%         N/A       85%         4


Dungeon Overview and Level Annotations

Branches:
Dungeon (1/15)

Altars:
Qazlal


Innate Abilities, Weirdness & Mutations

You have a pair of small antennae on your head.


Message History

You are now surrounded by a storm.
Unknown command.
Press < or > to pray at altars.
Unknown command.
Press < or > to pray at altars.
b - 2 potions of lignification (gained 1)
e - a glowing silvery potion
f - a scroll labelled TUUGIORYOH
Found a stone staircase leading down.
A dart slug, a ball python and a rat come into view.
Found a book of Alchemy.
The rat moves out of view.
There are monsters nearby!
There are monsters nearby!
A quokka comes into view.
The ball python hisses angrily.
The dart slug launches a dart at you. The slug dart hits you.
A goblin comes into view. It is wielding a +0 club.
The goblin shouts!
The rat closely misses you.
You hit the rat.
You kill the rat!
Qazlal accepts your kill. The ball python bites you.
The ball python closely misses you. The ball python bites you.
The ball python grabs you. The ball python constricts you.
The dart slug launches a dart at you. The slug dart hits you.
The quokka barely misses you. The ball python bites you.
The ball python constricts you. The quokka closely misses you.
The ball python closely misses you. The ball python constricts you.
The quokka barely misses you.
The ball python is struck by lightning.
You kill the ball python!
Qazlal accepts your kill. The goblin hits you with a +0 club.
The quokka bites you.
* * * LOW HITPOINT WARNING * * *
The dart slug launches a dart at you. The slug dart hits you.
You die...

......# ....... .......
....... ....... .....w.##
#####
.......ยง############....
......r@.........##..###
......g#########....###.
....... ##...###.....
..:....# ##.....#...###
......#.# #..........#
.....#..# #.........##
###.##..# #.........####
###.....###............>
#........##.......#.##..


You could see a dart slug, a quokka and a goblin.

Vanquished Creatures
  2 endoplasms (D:1)
  A giant cockroach (D:1)
  A goblin (D:1)
  A kobold (D:1)
  A ball python (D:1)
  A bat (D:1)
  2 rats (D:1)
9 creatures vanquished.

Notes
Turn   | Place    | Note
-------+----------+-------------------------------------------
     0 | D:1      | Hubjo the Demonspawn Transmuter began the quest for the
                  | Orb.
     0 | D:1      | Reached XP level 1. HP: 15/15 MP: 3/3
   163 | D:1      | Found a faded altar of an unknown god.
   175 | D:1      | Lost mutation: You have a pair of horns on your head.
                  | [demonic ancestry]
   175 | D:1      | Lost mutation: You have a pair of small horns on your head.
                  | [demonic ancestry]
   175 | D:1      | Gained mutation: You have a pair of small antennae on your
                  | head. [demonic ancestry]
   175 | D:1      | Reached XP level 2. HP: 12/21 MP: 5/5
   186 | D:1      | Prayed at the altar of an unknown god.
   186 | D:1      | Became a worshipper of Qazlal Stormbringer
   186 | D:1      | Reached * piety under Qazlal
   357 | D:1      | Killed from afar by a dart slug

Illustrated notes

Levels and vault maps discovered:
D:1:      saegor_arrival_simple_d, layout_rooms, basic_ecumenical_altar

Action                   || total
-------------------------++-------
Melee: Unarmed           ||    17
       Kick              ||     4
       Headbutt          ||     4
 Cast: Beastly Appendage ||     4
Dodge: Dodged            ||    15

Table legend: (Time is in decaauts)
 A = Elapsed time spent in this place.
 B = Non-inter-level travel time spent in this place.
 C = Inter-level travel time spent in this place.
 D = Time resting spent in this place.
 E = Time spent auto-exploring this place.
 F = Levels seen in this place.
 G = Mean time per level.
                   A        B        C        D        E       F      G
               +--------+--------+--------+--------+--------+-----+--------+
         Total |    355 |    355 |      0 |      0 |    296 |   1 |  355.0 |
       Dungeon |    355 |    355 |      0 |      0 |    296 |   1 |  355.0 |
               +--------+--------+--------+--------+--------+-----+--------+

Top non-repeatable levels by time:
     D:1: 355 daAuts
